 Dungeon Crawl Stone Soup version 0.22-a0-247-gbddf880 (webtiles) character file.

1649 Amnesiac the Prestidigitator (level 8, -3/42 HPs)
             Began as a Deep Elf Artificer on Feb 25, 2018.
             Was an Initiate of Gozag.
             Slain by a gnoll
             ... wielding a +0 halberd
              (9 damage)
             ... on level 4 of the Dungeon.
             The game lasted 00:18:46 (6876 turns).

Amnesiac the Prestidigitator (Deep Elf Artificer)   Turns: 6876, Time: 00:18:48

Health: -3/42      AC: 10    Str: 11      XL:     8   Next: 67%
Magic:  18/18      EV: 11    Int: 14 (17) God:    Gozag
Gold:   483        SH:  3    Dex: 13 (15) Spells: 4/7 levels left

rFire    + . .     SeeInvis .   a - +2 dagger (drain)
rCold    . . .     Gourm    .   k - +0 buckler
rNeg     . . .     Faith    .   q - +2 leather armour {rF+}
rPois    .         Spirit   .   m - +0 helmet
rElec    .         Reflect  .   c - +2 cloak
rCorr    .         Harm     .   v - +0 pair of gloves
MR       .....                  (no boots)
Stlth    +++.......             A - amulet of magic regeneration
HPRegen  0.14/turn              u - +2 ring of slaying
MPRegen  0.41/turn              t - ring of wizardry

@: drained
A: no striking features
a: Potion Petition, Call Merchant, Bribe Branch, Renounce Religion


You were on level 4 of the Dungeon.
You worshipped Gozag.
Gozag was aware of your devotion.
You were not hungry.

You visited 2 branches of the dungeon, and saw 8 of its levels.

You collected 583 gold pieces.
You paid 100 gold pieces to Gozag.

Inventory:

Hand Weapons
 a - a +2 dagger of draining (weapon)
 b - a +2 dagger of freezing
Missiles
 i - 213 stones (quivered)
 y - 13 poisoned needles
 E - 69 sling bullets
Armour
 c - a +2 cloak (worn)
 k - a +0 buckler (worn)
 m - a +0 helmet (worn)
 q - a +2 leather armour of fire resistance (worn)
 v - a +0 pair of gloves (worn)
Jewellery
 l - an uncursed ring of flight
 t - a ring of wizardry (right hand)
 u - a +2 ring of slaying (left hand)
 A - an amulet of magic regeneration (around neck)
 B - an uncursed ring of resist corrosion
Wands
 d - a wand of enslavement (4)
 e - a wand of random effects (23)
 x - a wand of polymorph (11)
 z - a wand of digging (14)
Scrolls
 h - a scroll of immolation {!r, unknown}
 j - 3 scrolls of remove curse {!r}
 n - a scroll of amnesia {!r}
 p - 8 scrolls of teleportation {!r}
 r - 2 scrolls of fog {!r}
 s - 3 scrolls of magic mapping {!r, unknown}
 w - 9 scrolls of identify {!r}
 D - a scroll of fear {!r}
Potions
 g - a potion of agility {!q}
 o - 4 potions of curing {!q}
 C - a potion of invisibility {!q, unknown}
Comestibles
 f - 6 rations


   Skills:
 - Level 0.7(0.5) Fighting
 - Level 4.0(3.8) Short Blades
 - Level 2.4(2.2) Dodging
 - Level 5.0(4.8) Stealth
 * Level 10.9(10.7) Evocations


You had 4 spell levels left.
You knew the following spells:

 Your Spells              Type           Power        Failure   Level  Hunger
a - Ozocubu's Armour      Chrm/Ice       #.......     56%         3    ####...


Dungeon Overview and Level Annotations

Branches:
Dungeon (7/15)             Temple (1/1) D:6

Altars:
Dithmenos
Gozag
Hepliaklqana
Makhleb
Nemelex Xobeh
Okawaru
Qazlal
Trog
Wu Jian
Yredelemnul
Zin

Shops:
D:5 %

Annotations:
D:6 exclusion: door
D:7 Menkaure


Message History

You closely miss the gnoll.
The gnoll is severely wounded.
The gnoll hits you with a flail.
* * * LOW HITPOINT WARNING * * *
You hit the gnoll.
The gnoll is severely wounded.
The gnoll barely misses you.
The gnoll shaman calls upon its god to heal the gnoll.
The gnoll is healed somewhat.
You hear a shout!
You closely miss the gnoll.
The gnoll is moderately wounded.
You hear a shout!
You hit the gnoll but do no damage.
The gnoll is moderately wounded.
The gnoll shaman calls upon its god to speed up the gnoll.
The gnoll seems to speed up.
The gnoll barely misses you.
You hit the gnoll. You drain the gnoll!
The gnoll is almost dead.
A gnoll comes into view. It is wielding a halberd.
The gnoll shouts!
You hit the gnoll shaman but do no damage.
A gnoll shaman comes into view. It is wielding a club.
You closely miss the gnoll shaman.
The gnoll shaman shouts!
The gnoll shaman hits you but does no damage. 2 gnolls come into view.
You completely miss the gnoll shaman.
The gnoll shouts!
You hear a shout! x2
You hit the gnoll shaman. You drain the gnoll shaman!
The gnoll shaman is moderately wounded.
The gnoll shaman closely misses you.
You hit the gnoll shaman but do no damage.
You drain the gnoll shaman!
The gnoll shaman is heavily wounded.
There is an open door here.
You see here 6 gold pieces.
The gnoll hits you but does no damage.
Evoke which item? (* to show all) (? for menu, Esc to quit)
Aiming: Random Effects
Press: ? - help, Shift-Dir - straight line, f - gnoll
Aim: a gnoll (fast)
The puff of frost hits the gnoll.
The gnoll is severely wounded.
The gnoll hits you.
* * * LOW HITPOINT WARNING * * *
The gnoll completely misses you.
The gnoll hits you from afar with a halberd!
* * * LOW HITPOINT WARNING * * *
There is an open door here.
The gnoll hits you but does no damage.
Evoke which item? (* to show all) (? for menu, Esc to quit)
Aiming: Enslavement
Press: ? - help, Shift-Dir - straight line, f/p - gnoll
Aim: a gnoll (severely wounded, fast, chance to defeat MR: 80%)
Okay, then.
Evoke which item? (* to show all) (? for menu, Esc to quit)
Aiming: Enslavement
Press: ? - help, Shift-Dir - straight line, f/p - gnoll
Aim: a gnoll (severely wounded, fast, chance to defeat MR: 80%)
The gnoll is charmed.
The gnoll hits you from afar with a halberd!
You die...
Your body crumbles into a pile of gold.

#....≈≈#### #....≈≈# .g ##
#...P≈≈# g.############## .#
#....≈≈###'#.$..g$.g..... .#
#....≈≈≈.#.#.$$g###'##### .#
#.P§.≈≈≈.#.#..g.# .g .#
#....≈≈≈.#.###g## ... .#
#....≈≈≈.#...g..# g..
.####....≈≈≈.#..@...# ..
....#....≈≈≈.#.##################
....#....≈≈≈.#.#......)....#....#
....#....≈≈≈.#.'...........'....'
....#...P≈≈###'#...........#....#
....#....≈≈#...#############''''#
....#....≈≈#...#...........).....
....#....≈≈#####≈≈≈≈≈≈≈≈≈≈≈[....≈
....#....≈≈≈≈≈≈≈≈≈≈≈≈≈≈≈≈≈≈≈.)..≈


You could see 2 gnoll shamans, 2 gnolls and a friendly gnoll.

Vanquished Creatures
  The ghost of Amnesiac the Charlatan, an amateur DEAr (D:5)
  Eustachio (D:5)
  A phantom (D:4)
  An ogre (D:5)
  2 big kobolds (D:7)
  2 bullfrogs
  The ghost of Anon1729 the Scratcher, an amateur FeCK of Xom (D:3)
  3 wights
  A crimson imp (D:4)
  A centaur zombie (D:7)
  A hound (D:5)
  An orc priest (D:4)
  Crazy Yiuf (D:5)
  A centaur skeleton (D:5)
  2 orc wizards
  Natasha (twice) (D:4)
  A worker ant (D:7)
  A hound skeleton (D:4)
  A worker ant zombie (D:5)
  15 gnolls
  6 adders
  2 worms
  2 dart slugs (D:1)
  2 leopard geckos
  15 orcs
  A ball python (D:2)
  8 bats
  3 giant cockroaches
  6 goblins
  10 hobgoblins
  7 jackals
  3 quokkas
  4 frilled lizards
  13 kobolds
  A leopard gecko skeleton (D:4)
  A leopard gecko zombie (D:5)
  8 rats
132 creatures vanquished.

Vanquished Creatures (collateral kills)
  A scorpion (D:5)
  An orc wizard (D:4)
  A leopard gecko (D:5)
  2 orcs
  A giant cockroach (D:4)
  A kobold (D:7)
  A bat (D:4)
8 creatures vanquished.

Vanquished Creatures (others)
  Natasha (D:4)
1 creature vanquished.

Grand Total: 141 creatures vanquished

Notes
Turn   | Place    | Note
-------+----------+-------------------------------------------
     0 | D:1      | Amnesiac the Deep Elf Artificer began the quest for the Orb.
     0 | D:1      | Reached XP level 1. HP: 11/11 MP: 5/5
   129 | D:1      | Reached XP level 2. HP: 9/16 MP: 6/6
   198 | D:1      | Reached skill level 4 in Evocations
   454 | D:3      | Noticed Anon1729's ghost (amateur FeCK)
   464 | D:3      | Killed Anon1729's ghost
   464 | D:3      | Reached XP level 3. HP: 20/20 MP: 8/8
   464 | D:3      | Reached XP level 4. HP: 24/24 MP: 9/9
   516 | D:3      | Reached skill level 5 in Stealth
   777 | D:3      | Found a stormy altar of Qazlal.
  1125 | D:4      | Reached XP level 5. HP: 20/28 MP: 10/10
  1155 | D:4      | Reached skill level 5 in Evocations
  2082 | D:4      | Noticed Natasha
  2088 | D:4      | Killed Natasha
  2088 | D:4      | Reached skill level 6 in Evocations
  2088 | D:4      | Reached XP level 6. HP: 23/33 MP: 12/12
  2424 | D:4      | Noticed Natasha
  2434 | D:4      | Your ally died
  2512 | D:5      | Entered Level 5 of the Dungeon
  2512 | D:5      | Noticed Eustachio
  2637 | D:5      | Killed Eustachio
  2639 | D:5      | Found Sietteim's Food Shoppe.
  2709 | D:5      | Reached skill level 7 in Evocations
  2714 | D:5      | Noticed Amnesiac's ghost (amateur DEAr)
  2722 | D:5      | Killed Amnesiac's ghost
  2722 | D:5      | Reached skill level 8 in Evocations
  2722 | D:5      | Reached XP level 7. HP: 25/37 MP: 13/15
  2827 | D:5      | Found a runed door.
  2831 | D:5      | Noticed Crazy Yiuf
  2836 | D:5      | Killed Crazy Yiuf
  3718 | D:6      | Found a staircase to the Ecumenical Temple.
  4227 | D:7      | Reached skill level 9 in Evocations
  4307 | D:7      | Reached XP level 8. HP: 37/42 MP: 16/16
  4376 | Temple   | Entered the Ecumenical Temple
  4450 | Temple   | Became a worshipper of Gozag Ym Sagoz the Greedy
  4593 | D:7      | Noticed Menkaure
  5063 | D:4      | Noticed Natasha
  5073 | D:4      | Killed Natasha
  5096 | D:3      | Reached skill level 10 in Evocations
  6325 | D:3      | Learned a level 3 spell: Ozocubu's Armour
  6876 | D:4      | Slain by a gnoll

Vault maps used:
D:1:      minmay_arrival_glassed_features, minmay_tetromino_l2
D:2:      palyth_stone_intersect, kennysheep_nub
D:3:      lemuel_doored_altar, first_ration, minmay_misc_feat_doors
D:4:      lemuel_castle_with_subvaults, uniq_duvessa, uniq_natasha
D:5:      serial_shops, shop_statue, uniq_crazy_yiuf_cottage, uniq_eustachio
D:6:      minmay_temple_entry_from_below_a, uniq_pikel
D:7:      nicolae_ossuary_entry_monument, uniq_menkaure
Temple:   roderic_octagonal_lattice_temple

Skill      XL: |  1  2  3  4  5  6  7  8 |
---------------+-------------------------+-----
Evocations     | 4 6 8 9 10 | 10.9
Stealth        | 4 5 |  5.0
Short Blades   | 2 3 4 |  4.0
Fighting       | |  0.7
Dodging        | |  2.4

Action                   |  1- 3 |  4- 6 |  7- 9 || total
-------------------------+-------+-------+-------++-------
Melee: Short sword       |    33 |   145 |   218 ||   396
       Trident           |       |       |    38 ||    38
       Dagger            |       |       |    78 ||    78
Evoke: Wand              |     6 |    30 |    15 ||    51
  Use: Scroll            |       |       |    12 ||    12
       Potion            |       |       |     2 ||     2
 Stab: Sleeping          |     3 |     3 |     8 ||    14
       Distracted        |     1 |       |     1 ||     2
       Paralysed         |       |     8 |     2 ||    10
  Eat: Chunk             |       |     6 |     6 ||    12
       Ration            |       |       |     3 ||     3
Armor: Leather armour    |     8 |    27 |   110 ||   145
Dodge: Dodged            |    24 |    83 |   162 ||   269
Block: Buckler           |     1 |    25 |    43 ||    69

Table legend:
 A = Spawn XP
 B = Non-spawn XP
 C = Spawn XP percentage of total XP
 D = Spawn monster count
 E = Non-spawn monster count
 F = Spawn count percentage of total count
 G = Total turns spent on level
                    A         B        C        D         E        F      G
               +---------+---------+-------+---------+---------+-------+---------
         Total |       0 |    2357 |   0.0 |       0 |     140 |   0.0 |  6876
               +---------+---------+-------+---------+---------+-------+---------
           D:1 |       0 |      50 |   0.0 |       0 |      25 |   0.0 |   721
           D:2 |       0 |      48 |   0.0 |       0 |      15 |   0.0 |   776
           D:3 |       0 |     211 |   0.0 |       0 |      30 |   0.0 |  1361
           D:4 |       0 |     600 |   0.0 |       0 |      32 |   0.0 |  1534
           D:5 |       0 |     829 |   0.0 |       0 |      16 |   0.0 |  1121
           D:6 |       0 |     104 |   0.0 |       0 |       7 |   0.0 |   586
           D:7 |       0 |     515 |   0.0 |       0 |      15 |   0.0 |   684
               +---------+---------+-------+---------+---------+-------+---------
